 Dungeon Crawl Stone Soup version 0.17-a0-848-g7e5c6af (webtiles) character file.

176 namelastname112 the Twirler (level 5, 0/45 HPs)
             Began as a Draconian Gladiator on Apr 28, 2015.
             Slain by an ogre
             ... wielding a +0 giant club
              (20 damage)
             ... on level 4 of the Dungeon.
             The game lasted 00:05:03 (2971 turns).

namelastname112 the Twirler (Draconian Gladiator)   Turns: 2971, Time: 00:05:03

Health: 0/45       AC:  6    Str: 18    XL:     5   Next: 30%
Magic:  14/14      EV: 12    Int: 13    God:
Gold:   224        SH:  0    Dex: 12    Spells: 0 memorised, 4 levels left

rFire  . . .     SeeInvis .     a - +1 quarterstaff
rCold  . . .     Clarity  .     (armour unavailable)
rNeg   . . .     SustAb   .     (no shield)
rPois  .         Gourm    .     b - +0 hat
rElec  .         Spirit   .     (no cloak)
rCorr  .         Warding  .     g - +0 pair of gloves
rMut   .         Stasis   .     (no boots)
MR     .....                    (no amulet)
Stlth  ++........               p - ring of stealth
                                e - ring of magical power

@: brilliant, lethally poisoned (0 -> -5), heavily drained, not resistant to
hostile enchantments, unstealthy
A: unfitting armour, cold-blooded, AC +5
a: no special abilities


You were on level 4 of the Dungeon.
You were near starving.

You visited 1 branch of the dungeon, and saw 4 of its levels.

You collected 224 gold pieces.

Inventory:

Hand weapons
 a - a +1 quarterstaff (weapon)
Missiles
 c - 3 throwing nets (quivered)
Armour
 b - a +0 hat (worn)
 g - a +0 pair of gloves (worn)
Jewellery
 e - a ring of magical power (left hand)
 p - a ring of stealth (right hand)
Scrolls
 f - a scroll of enchant weapon
 l - a scroll of teleportation
 o - a scroll of identify
 r - a scroll of blinking
 u - 4 scrolls of remove curse
Potions
 h - 2 potions of curing
 i - a potion of mutation {unknown}
 j - a potion of resistance {unknown}
 k - a potion of cancellation {unknown}
 n - 2 potions of restore abilities
 z - 2 potions of lignification {unknown}
Comestibles
 d - 2 bread rations
 m - a beef jerky
 v - a meat ration
 x - 3 fruits


   Skills:
 + Level 3.4(2.2) Fighting
 * Level 4.9(3.6) Staves
 - Level 1.7(0.5) Throwing
 + Level 3.4(2.2) Dodging


You had 4 spell levels left.
You didn't know any spells.

Dungeon Overview and Level Annotations

Branches:
Dungeon (4/15)
 Temple: D:4-7

Altars:
Yredelemnul


Innate Abilities, Weirdness & Mutations

Your plain brown scales are hard (AC +5).
Your body does not fit into most forms of armour.
You are cold-blooded and may be slowed by cold attacks.


Message History

Unknown command.
There is an open door here.
Drink which item? (? for menu, Esc to quit)
It was a potion of restore abilities.
You feel refreshed.
You are near starving!
The ogre misses you.
Drink which item? (? for menu, Esc to quit)
It was a potion of curing.
You feel better.
Drink which item? (? for menu, Esc to quit)
It was a potion of poison.
That liquid tasted very nasty...
You are poisoned.
You feel sick. The ogre hits you with a giant club!
Drink which item? (? for menu, Esc to quit)
It was a potion of heal wounds.
You feel much better.
You feel sick. The ogre hits you with a giant club!!
Drink which item? (? for menu, Esc to quit)
It was a potion of brilliance.
You feel clever all of a sudden.
You feel sick. The ogre hits you with a giant club!!
You die...

#.#.# #.##.......# #.
#.#.# #.###......# #.
###.#.# #.###......###.
#...#.###.##.........#.
#.###...#.##.........##
##.#####.#.##.........#
#........#.##.........#
##########.#.....÷....#
#.....O@...#..........#
##.#########..........#
#.# #.....÷÷...# #.#
#..........#
#.#########..........##
#....................##
###########....<.....##
#...............'
#.....###########


You could see an ogre.

Vanquished Creatures
  2 orc wizards (D:4)
  Terence (D:3)
  3 adders (D:2)
  2 worms
  4 giant geckos
  4 orcs (D:4)
  5 bats
  6 hobgoblins
  3 jackals (D:2)
  2 quokkas
  A giant cockroach (D:1)
  10 giant newts
  6 goblins
  8 kobolds
  A quokka skeleton (D:4)
  8 rats
66 creatures vanquished.

Notes
Turn   | Place    | Note
--------------------------------------------------------------
     0 | D:1      | namelastname112, the Draconian Gladiator, began the quest for the Orb.
     0 | D:1      | Reached XP level 1. HP: 17/17 MP: 1/1
   470 | D:1      | Reached XP level 2. HP: 22/24 MP: 2/2
  1086 | D:2      | Reached XP level 3. HP: 13/30 MP: 3/3
  1334 | D:2      | Reached skill level 4 in Staves
  1685 | D:2      | Reached XP level 4. HP: 25/37 MP: 4/4
  1966 | D:3      | Noticed Terence
  1975 | D:3      | Killed Terence
  2079 | D:4      | Reached XP level 5. HP: 29/45 MP: 5/5
  2568 | D:4      | Noticed an ogre
  2690 | D:4      | Found a basalt altar of Yredelemnul.
  2971 | D:4      | Slain by an ogre

Action                   |  1- 3 |  4- 6 || total
-------------------------+-------+-------++-------
Melee: Quarterstaff      |   120 |    72 ||   192
  Use: Scroll            |       |     7 ||     7
       Potion            |       |     5 ||     5
 Stab: Sleeping          |     1 |     2 ||     3
  Eat: Chunk             |     2 |     3 ||     5
